 Dungeon Crawl Stone Soup version 0.26.1-2-gb8aa6d0cf2 (webtiles) character file.

Game seed: 4848253926778718658

48 Revguard the Firebug (level 3, -2/33 HPs)
             Began as an Ogre Fire Elementalist on Feb 26, 2021.
             Slain by an orc
             ... wielding a +0 dagger
              (5 damage)
             ... on level 2 of the Dungeon.
             The game lasted 00:10:41 (1707 turns).

Revguard the Firebug (Ogre Fire Elementalist)       Turns: 1707, Time: 00:10:41

Health: -2/33      AC:  3    Str: 12    XL:     3   Next: 72%
Magic:  0/7        EV: 10    Int: 17    God:
Gold:   53         SH:  0    Dex:  9    Spells: 4/8 levels left

rFire    . . .     SeeInvis .   g - +0 club
rCold    . . .     Faith    .   (no shield)
rNeg     . . .     Spirit   .   a - +0 robe
rPois    .         Reflect  .   (helmet restricted)
rElec    .         Harm     .   (no cloak)
rCorr    .         Rampage  .   (gloves unavailable)
Will     .....                  (boots unavailable)
Stlth    +.........             (no amulet)
HPRegen  0.11/turn              (no ring)
MPRegen  0.10/turn              (no ring)

@: no status effects
A: large, unfitting armour, tough skin 1
a: no special abilities


You were on level 2 of the Dungeon.
You visited 1 branch of the dungeon, and saw 2 of its levels.

You collected 53 gold pieces.

Inventory:

Hand Weapons
 g - a +0 club (weapon)
Armour
 a - a +0 robe (worn)
Scrolls
 c - 3 scrolls of identify {unknown}
 d - a scroll of remove curse {unknown}
 f - 3 scrolls of teleportation {unknown}


   Skills:
 * Level 1.3 Fighting
 * Level 0.8 Maces & Flails
 + Level 1.9 Dodging
 - Level 1.4 Stealth
 + Level 3.1 Spellcasting
 + Level 1.1 Conjurations
 + Level 3.2 Fire Magic


You had 4 spell levels left.
You knew the following spells:

 Your Spells              Type           Power        Failure   Level
a - Foxfire               Conj/Fire      40%          7%          1
b - Inner Flame           Hex/Fire       8%           26%         3

Your spell library contained the following spells:

 Spells                   Type           Power        Failure   Level
 Conjure Flame            Conj/Fire      10%          22%         3
 Sticky Flame             Conj/Fire      10%          56%         4
 Fireball                 Conj/Fire      5%           89%         5


Dungeon Overview and Level Annotations

Branches:
Dungeon (2/15)

Altars:


Innate Abilities, Weirdness & Mutations

You are too large for most types of armour.
You have tough skin. (AC +1)


Message History

The orc is severely wounded.
The orc hits you but does no damage.
Casting: Foxfire (safe; 7% risk of failure)
Press: ? - help, Q - select action Dir - look around, f - activate You conjure some foxfire!
The orc barely misses you.
The foxfire hits the orc.
The orc is almost dead.
The foxfire hits the orc but does no damage.
The orc is almost dead.
You see here a +0 club.
The orc hits you but does no damage. The orc hits you but does no damage.
You see here a +0 hand axe.
There is a stone staircase leading up here.
Casting: Foxfire (safe; 7% risk of failure)
Press: ? - help, Q - select action Dir - look around, f - activate You conjure some foxfire!
The orc hits you with a +0 dagger.
You die...

###### #######..
#....######vv.....#
#...).).<.o@#
#....)#######
#....## #....#
###.## #.. ##.. #..
###


You could see an orc.

Vanquished Creatures
  4 dart slugs (D:1)
  A leopard gecko (D:1)
  2 orcs (D:2)
  A giant cockroach (D:1)
  3 goblins (D:1)
  5 hobgoblins
  4 jackals (D:1)
  5 kobolds (D:1)
  2 ball pythons (D:1)
  3 bats (D:1)
  2 frilled lizards (D:1)
  4 rats (D:1)
36 creatures vanquished.

Vanquished Creatures (others)
  89 foxfires
89 creatures vanquished.

Grand Total: 125 creatures vanquished

Notes
Turn   | Place    | Note
-------+----------+-------------------------------------------
     0 | D:1      | Revguard the Ogre Fire Elementalist began the quest for the
                  | Orb.
     0 | D:1      | Reached XP level 1. HP: 16/16 MP: 3/3
   284 | D:1      | Reached XP level 2. HP: 24/24 MP: 0/5
   650 | D:1      | Reached skill level 1 in Conjurations
   855 | D:1      | Reached XP level 3. HP: 32/32 MP: 2/7
   859 | D:1      | Learned a level 3 spell: Inner Flame
   974 | D:1      | Reached skill level 1 in Fighting
  1680 | D:2      | HP: 1/33 [orc/+0 dagger (3)]
  1689 | D:2      | HP: 1/33 [orc/+0 dagger (3)]
  1707 | D:2      | Slain by an orc

Illustrated notes

Levels and vault maps discovered:
D:1:      enne_arrival_octagon_isle, layout_basic, minmay_liquid_box,
          minmay_surrounded
D:2:      layout_rooms, vehumet_crystals, grunt_ministairs_13,
          minmay_pentomino_x4, uniq_jessica

Skill      XL: |  1  2  3 |
---------------+----------+-----
Fire Magic     | 3 |  3.2
Conjurations   | 1 |  1.1
Fighting       | 1 |  1.3
Spellcasting   | 3 |  3.1
Maces & Flails | |  0.8
Dodging        | |  1.9
Stealth        | |  1.4

Action                   || total
-------------------------++-------
Melee: Unarmed           ||    46
       Club              ||    45
 Cast: Foxfire           ||    56
       Inner Flame       ||     3
  Use: Potion            ||     3
Armor: Robe              ||    36
Dodge: Dodged            ||    77
